AoeStats
← waltersfs97

Arabia

509901255Analyzed
4v4 RM · 4d ago on Sep 28, 2026· 38m 5s· 8 players
Game mode
Random Map
Map size
Large (8 player)
Population
200
Speed
Normal
Resources
Standard
Victory
Conquest
Starting age
Dark Age
Ending age
Imperial Age
RankedLock teamsTeams togetherTeam positionsShared explorationLock speedFull tech treeHidden civsTurbo modeCheats
Victory
Defeat
🇬🇷 Magyars · Greece
1189
+15
🇫🇷 Franks · France
1187
+15
🇺🇸 Varangians · United States
1176
+16
🇩🇪 Dravidians · Germany
1139
+17
🇨🇱 Ethiopians · Chile
1240
-19
🇦🇷 Spanish · Argentina
1146
-15
🇦🇷 Magyars · Argentina
1139
-15
🇨🇳 Koreans · China
1135
-14
nikos9730
8:28 Loom
10:41 Feudal Age
12:06 Double-Bit Axe
18:22 Fletching
28:31 Horse Collar
29:52 Wheelbarrow
29:26 Scale Barding Armor
30:12 Bloodlines
34:26 Castle Age
32:57 Gold Mining
34:25 Scale Mail Armor
36:01 Town Watch
37:09 Hand Cart
36:57 Town Patrol
Lichtenauer_OP
Labelgique001
10:04 Feudal Age
12:57 Scale Barding Armor
19:46 Double-Bit Axe
20:00 Gold Mining
22:41 Castle Age
23:18 Forging
23:59 Chain Barding Armor
23:42 Husbandry
30:32 Wheelbarrow
29:42 Town Watch
31:54 Gold Shaft Mining
34:57 Iron Casting
34:13 Fletching
35:05 Loom
35:50 Bow Saw
37:01 Bodkin Arrow
waltersfs97
10:05 Feudal Age
11:30 Horse Collar
11:38 Double-Bit Axe
12:52 Loom
13:02 Town Watch
24:04 Bloodlines
24:03 Scale Barding Armor
24:09 Forging
28:02 Wheelbarrow
29:03 Loom
30:22 Gold Mining
30:24 Stone Mining
36:55 Castle Age
37:43 Town Patrol
37:48 Husbandry
37:12 Light Cavalry
Lucia Galan
tugou
JohnSalchichon
BP MonoSimon
7:17 Loom
9:07 Feudal Age
11:53 Double-Bit Axe
Connection lost

Rejoining the realm…

Still unreachable

The connection could not be restored.

Session expired

The server has moved on; the page needs a fresh start.